 Dungeon Crawl Stone Soup version 0.31-a0-233-g139696dc86 (webtiles) character file.

Game seed: 1463412211819258085

33 qw the Shooter (level 3, 0/21 HPs)
             Began as a Gargoyle Hexslinger on July 9, 2023.
             Slain by a gnoll
             ... wielding a +0 halberd
              (12 damage)
             ... on level 2 of the Dungeon.
             The game lasted 00:00:36 (1154 turns).

qw the Shooter (Gargoyle Hexslinger)                Turns: 1154, Time: 00:00:37

Health: 0/21       AC:  8    Str: 11    XL:     3   Next: 29%
Magic:  4/4        EV: 10    Int: 13    God:
Gold:   65         SH:  0    Dex: 14    Spells: 3/4 levels left

rFire   . . .        Y - +2 sling
rCold   . . .        (no shield)
rNeg    + . .        b - +0 ring mail
rPois   inf          (no helmet)
rElec   +            (no cloak)
rCorr   .            (no gloves)
SInv    .            (no boots)
Will    .....        (no amulet)
Stlth   +            (no ring)
HPRegen 0.23/turn    (no ring)
MPRegen 0.09/turn

%: no passive effects
@: no status effects
A: sickness immunity, AC +3, negative energy resistance 1, electricity
resistance, torment resistance 1, petrification resistance
a: no special abilities


You were on level 2 of the Dungeon.
You visited 1 branch of the dungeon, and saw 2 of its levels.

You collected 65 gold pieces.


Innate Abilities, Weirdness & Mutations

You are immune to sickness and miasma.
Your stone body is resilient. (AC +3)
You are immune to poison.
You resist negative energy. (rN+)
You are resistant to electric shocks. (rElec)
You are resistant to unholy torment.
You are immune to petrification.


   Skills:
 - Level 2.0 Fighting
 + Level 3.2 Ranged Weapons
 - Level 1.5 Dodging
 - Level 1.0 Spellcasting
 - Level 2.6 Hexes


You had 3 spell levels left.
You knew the following spells:

 Your Spells              Type           Power      Damage    Failure   Level
a - Slow                  Hex            28%        N/A       22%         1

Your spell library contained the following spells:

 Spells                   Type           Power      Damage    Failure   Level
 Inner Flame              Hex/Fire       4%         N/A       75%         3
 Portal Projectile        Hex/Tloc       8%         N/A       75%         3
 Cause Fear               Hex            3%         N/A       92%         4

Inventory:

Hand Weapons
 Y - a +2 sling (weapon)
Armour
 b - a +0 ring mail (worn)
Scrolls
 a - a scroll of identify
Potions
 g - a potion of curing {unknown}
 l - a potion of haste {unknown}

Dungeon Overview and Level Annotations

Branches:
Dungeon (2/15)

Altars:


Message History

You climb downwards.
There is a stone staircase leading up here.
There is a stone staircase leading down here.
You open the door.
There is an open door here.
There is a stone staircase leading up here.
You climb upwards.
There is a stone staircase leading down here.
Enter note:
Enter note:
Enter note:
Enter note: Done exploring.
There is a stone staircase leading down here.
Enter note:
Enter note:
Enter note:
Enter note: You climb downwards.
The gnoll shouts! x3
The giant cockroach bites you but does no damage.
The gnoll hits you from afar with a +0 halberd.
There is a stone staircase leading up here.
Enter note:
Enter note: You shoot a sling bullet.
The sling bullet barely misses the gnoll.
The giant cockroach barely misses you. The gnoll barely misses you. x2
The gnoll hits you from afar with a +0 halberd.
The giant cockroach closely misses you.
You shoot a sling bullet.
The sling bullet closely misses the gnoll.
The giant cockroach bites you. The gnoll closely misses you.
The gnoll hits you but does no damage. The gnoll barely misses you.
You shoot a sling bullet. The sling bullet hits the gnoll!
The gnoll is severely wounded.
The giant cockroach bites you but does no damage.
The gnoll hits you from afar with a +0 halberd!
Ouch! That really hurt!
You die...

########
#......#
#......# ##
#......# .#
#......# .#
#......# .#
#g.....# .#
#..@...# .#
#.Bg...# .#
#.g........
##
#..........
######.....
..... ....
....


You could see 3 gnolls and a giant cockroach.

Vanquished Creatures
  A worm (D:2)
  2 dart slugs
  A bat (D:2)
  3 endoplasms (D:1)
  4 giant cockroaches
  3 goblins (D:1)
  A hobgoblin (D:1)
  2 jackals (D:1)
  A quokka (D:1)
  3 ball pythons
  A kobold (D:1)
  A rat (D:1)
23 creatures vanquished.

Notes
Turn   | Place    | Note
-------+----------+-------------------------------------------
     0 | D:1      | qw the Gargoyle Hexslinger began the quest for the Orb.
     0 | D:1      | Reached XP level 1. HP: 12/12 MP: 2/2
     0 | D:1      | 0 ||| qw: Version: 0.3-a-51-g015441d
     0 | D:1      | 0 ||| qw: Game counter: 4020
     0 | D:1      | 0 ||| qw: Melee chars always use a shield: true
     0 | D:1      | 0 ||| qw: God list: Okawaru
     0 | D:1      | 0 ||| qw: Allow faded altars: false
     0 | D:1      | 0 ||| qw: Do Orc after clearing Dungeon:15 true
     0 | D:1      | 0 ||| qw: Do second Lair branch before Depths: true
     0 | D:1      | 0 ||| qw: Lair rune preference: random
     0 | D:1      | 0 ||| qw: Goals: Normal
     0 | D:1      | 0 ||| PLANNING D:1-11
   121 | D:1      | Reached XP level 2. HP: 16/16 MP: 3/3
   170 | D:1      | Reached skill level 3 in Ranged Weapons
   549 | D:1      | 549 ||| FLEEEEING.
   550 | D:1      | 550 ||| FLEEEEING.
   551 | D:1      | 551 ||| FLEEEEING.
   629 | D:1      | Reached XP level 3. HP: 21/21 MP: 4/4
   708 | D:1      | 708 ||| UPGRADING to +0 leather armour.
   718 | D:1      | 718 ||| DROPPING +0 robe.
   719 | D:1      | 719 ||| READING 2 scrolls labelled ERAADE QUERGHYE.
   720 | D:1      | 720 ||| READING scroll labelled XENWEV KEDAO.
   721 | D:1      | 721 ||| READING scroll labelled YMIOQOIRHA.
   722 | D:1      | 722 ||| READING scroll labelled NESEBE ZEDI WEI.
   727 | D:1      | 727 ||| READING scroll labelled OMOKAS XIUSHRECOCE.
   728 | D:1      | 728 ||| DRINKING 2 black potions.
   729 | D:1      | 729 ||| DROPPING scroll of poison.
   730 | D:1      | 730 ||| DROPPING potion of magic.
   795 | D:2      | Found a faded altar of an unknown god.
   964 | D:2      | 964 ||| UPGRADING to +0 ring mail.
   974 | D:2      | 974 ||| DROPPING +0 leather armour.
  1029 | D:2      | 1029 ||| STAIRDANCE
  1033 | D:2      | 1033 ||| STAIRDANCE
  1037 | D:2      | 1037 ||| STAIRDANCE
  1041 | D:2      | 1041 ||| STAIRDANCE
  1045 | D:2      | 1045 ||| STAIRDANCE
  1049 | D:2      | 1049 ||| STAIRDANCE
  1053 | D:2      | 1053 ||| STAIRDANCE
  1057 | D:2      | 1057 ||| STAIRDANCE
  1061 | D:2      | 1061 ||| STAIRDANCE
  1065 | D:2      | 1065 ||| STAIRDANCE
  1069 | D:2      | 1069 ||| STAIRDANCE
  1073 | D:2      | 1073 ||| STAIRDANCE
  1077 | D:2      | 1077 ||| STAIRDANCE
  1081 | D:2      | 1081 ||| STAIRDANCE
  1085 | D:2      | 1085 ||| STAIRDANCE
  1089 | D:2      | 1089 ||| STAIRDANCE
  1093 | D:2      | 1093 ||| STAIRDANCE
  1097 | D:2      | 1097 ||| STAIRDANCE
  1101 | D:2      | 1101 ||| STAIRDANCE
  1105 | D:2      | 1105 ||| STAIRDANCE
  1154 | D:2      | Slain by a gnoll

Levels and vault maps discovered:
D:1:      psy_arrival_heroes, layout_basic
D:2:      layout_basic, shapermc_ecumenical_altar_starsandcircs,
          nrook_mini_backslash

Skill      XL: |  1  2 |
---------------+-------+-----
Ranged Weapons | 3 |  3.2
Fighting       | 2 |  2.0
Dodging        | |  1.5
Spellcasting   | |  1.0
Hexes          | |  2.6

Action                     || total
---------------------------++-------
   Fire: Sling             ||    78
    Use: Scroll            ||     5
         Potion            ||     1
 Armour: Robe              ||    14
         Leather armour    ||     4
         Ring mail         ||     3
  Dodge: Dodged            ||    26

Table legend:
 A = Non-vault XP
 B = Vault XP
 C = Vault XP percentage of total XP
 D = Non-vault monster count
 E = Vault monster count
 F = Vault count percentage of total count
                 A         B        C        D         E       F
            +---------+---------+-------+---------+---------+-------
      Total |      48 |       0 |   0.0 |      23 |       0 |   0.0
            +---------+---------+-------+---------+---------+-------
        D:1 |      34 |       0 |   0.0 |      18 |       0 |   0.0
        D:2 |      14 |       0 |   0.0 |       5 |       0 |   0.0
            +---------+---------+-------+---------+---------+-------
